 Dungeon Crawl Stone Soup version 0.24-a0-458-gfcb5e6da0e (webtiles) character file.

Game seed: 8905322798808028620

16934 KristoblXynda the Carver (level 12, -10/151 HPs)
             Began as a Grey Draconian Gladiator on June 26, 2019.
             Was an Initiate of Gozag.
             Killed from afar by Azrael (24 damage)
             ... with damnation
             ... on level 12 of the Dungeon.
             The game lasted 00:29:12 (16132 turns).

KristoblXynda the Carver (DrGl)                    Turns: 16132, Time: 00:29:13

Health: -10/151    AC: 26    Str: 16    XL:     12   Next: 14%
Magic:  24/24      EV:  2    Int: 18    God:    Gozag
Gold:   1389       SH:  0    Dex: 19    Spells: 24/27 levels left

rFire    + + .     SeeInvis .   i - +3 scimitar (flame)
rCold    + . .     Gourm    .   (no shield)
rNeg     + + +     Faith    .   (armour unavailable)
rPois    +         Spirit   .   (helmet currently unavailable)
rElec    +         Reflect  .   (cloak currently unavailable)
rCorr    +         Harm     .   (gloves currently unavailable)
MR       .....     NoTele   +   (boots currently unavailable)
Stlth    +++.......             (no amulet)
HPRegen  0.35/turn              g - +2 ring of evasion
MPRegen  0.19/turn              y - ring of protection from fire

@: brilliant, agile, lethally poisoned (-10 -> -10), tree-form, resistant, very
slightly contaminated, hasted, invisible, very quick
A: (walk through water), unfitting armour, AC +13
a: Potion Petition, Call Merchant, Bribe Branch, Renounce Religion


You were on level 12 of the Dungeon.
You worshipped Gozag.
Gozag was most pleased with you.
You were not hungry.
You were a tree.
You visited 2 branches of the dungeon, and saw 13 of its levels.
You also visited: Bailey.

You collected 2842 gold pieces.
You paid 1453 gold pieces to Gozag.

Inventory:

Hand Weapons
 i - a +3 scimitar of flaming (weapon)
Missiles
 c - 5 throwing nets (quivered)
Armour
 b - a +1 hat (melded)
 u - a +0 pair of boots (melded)
 x - a +2 pair of gloves (melded)
 z - a scarf of resistance (melded)
 A - a +1 cloak
Jewellery
 g - a +2 ring of evasion (left branch)
 q - a +4 ring of intelligence
 r - an uncursed ring of protection from cold
 s - an uncursed ring of resist corrosion
 y - a ring of protection from fire (right branch)
Scrolls
 a - a scroll of fear
 f - 6 scrolls of remove curse
 h - 2 scrolls of amnesia
 k - 2 scrolls of enchant armour
 n - 6 scrolls of fog
 t - 3 scrolls of magic mapping
 C - a scroll of brand weapon
 D - a scroll of immolation
 F - a scroll of identify
Potions
 e - 3 potions of invisibility
 j - 2 potions of curing
 l - 4 potions of flight
 v - 3 potions of brilliance
 w - a potion of haste
Comestibles
 d - 10 rations


   Skills:
 - Level 8.1 Fighting
 + Level 12.0 Long Blades
 - Level 2.0 Throwing
 + Level 7.4 Dodging
 + Level 8.0 Spellcasting
 + Level 7.7 Conjurations
   Level 4.3 Evocations


You had 24 spell levels left.
You knew the following spells:

 Your Spells              Type           Power        Failure   Level  Hunger
a - Mephitic Cloud        Conj/Pois/Air  ####....     1%          3    #......

Your spell library contained the following spells:

 Spells                   Type           Power        Failure   Level  Hunger
 Confusing Touch          Hex            ###...       1%          1    None
 Corona                   Hex            ###....      1%          1    None
 Freeze                   Ice            ###.         1%          1    None
 Magic Dart               Conj           ####         1%          1    None
 Blink                    Tloc           N/A          1%          2    None
 Call Imp                 Summ           ###.....     1%          2    None
 Slow                     Hex            ###.....     1%          2    None
 Throw Flame              Conj/Fire      ####..       1%          2    None
 Throw Frost              Conj/Ice       ####..       1%          2    None
 Conjure Flame            Conj/Fire      ####....     1%          3    #......
 Fulminant Prism          Conj/Hex       ####......   2%          4    ###....
 Throw Icicle             Conj/Ice       ####....     2%          4    ###....
 Confuse                  Hex            ###.....     3%          3    #......
 Gell's Gravitas          Tloc           ###.......   3%          3    #......
 Inner Flame              Hex/Fire       ###.....     3%          3    #......
 Ozocubu's Armour         Chrm/Ice       ###.....     3%          3    #......
 Portal Projectile        Hex/Tloc       ###...       3%          3    #......
 Petrify                  Tmut/Erth      ###.....     11%         4    ###....
 Summon Ice Beast         Ice/Summ       ###.....     11%         4    ###....
 Metabolic Englaciation   Hex/Ice        ###.......   26%         5    #####..
 Yara's Violent Unravell  Hex/Tmut       ###.......   26%         5    #####..


Dungeon Overview and Level Annotations

Branches:
Dungeon (12/15)            Temple (1/1) D:4            Lair (0/6) D:11
    Orc: D:9-12

Altars:
Dithmenos
Fedhas
Gozag
Hepliaklqana
Kikubaaqudgha
Makhleb
Nemelex Xobeh
Qazlal
Ru
Uskayaw
Xom
Zin
The Shining One

Shops:
D:11 :*

Annotations:
D:12 Azrael
Abyss:1 Harold


Innate Abilities, Weirdness & Mutations

((You can walk through water.))
((Your dull iron-grey scales are very hard. (AC +13)))
You cannot fit into any form of body armour.
((You can survive without breathing.))
((You are cold-blooded and may be slowed by cold attacks.))


Message History

Azrael is moderately wounded.
The worker ant barely misses you.
You hit Azrael but do no damage.
Azrael is moderately wounded.
You feel sick. Azrael barely misses you.
You hit Azrael.
Azrael is moderately wounded.
The worker ant bites you but does no damage.
You hit Azrael.
Azrael is moderately wounded.
Azrael barely misses you.
You slash Azrael!
Azrael is heavily wounded.
You hit Azrael but do no damage.
Azrael is heavily wounded.
The worker ant bites you but does no damage.
Azrael gestures at you.
The sphere of damnation explodes!
The damnation engulfs you!!
You die...
Your body crumbles into a pile of gold.

#..........>...... ♣$
#...............## ♣..
#...............# ...#
#...............##
[)..##.................
≈P♣..(.................
♣≈P...J.$..............
#####Ra##############.
#♣.# #. #$.# #. #..# #.
#..# #. ..... ..
####### ###


You could see Azrael, a jelly and a worker ant.

Vanquished Creatures
  A fire dragon (D:11)
  Erica (D:9)
  2 unseen horrors (D:11)
  2 orc knights (Bailey)
  An ugly thing (D:12)
  A gargoyle (D:11)
  3 kobold demonologists
  A hornet (D:9)
  A queen bee (D:11)
  3 trolls
  A hippogriff (D:11)
  Sigmund (D:2)
  A basilisk (D:11)
  2 fire elementals
  13 yaks
  4 hungry ghosts
  An acid dragon (D:12)
  Duvessa (D:6)
  9 orc warriors
  2 sky beasts
  5 ice beasts
  A necrophage (D:11)
  A hornet zombie (D:6)
  A black bear (D:11)
  8 ogres
  2 phantoms
  3 centaurs
  A crocodile (D:12)
  Blork the orc (D:4)
  3 bullfrogs
  A wyvern zombie (D:6)
  3 big kobolds
  A gnoll sergeant (D:6)
  A wyvern skeleton (D:10)
  4 scorpions
  Dowan (D:6)
  23 killer bees (D:11)
  6 howler monkeys
  5 electric eels (Bailey)
  6 crimson imps
  2 centaur zombies
  A quasit (D:7)
  4 bullfrog zombies
  2 hounds
  4 orc priests
  13 orc wizards
  3 jellies
  Crazy Yiuf (D:7)
  3 bullfrog skeletons
  2 centaur skeletons
  An iguana (D:12)
  Ijyb (D:4)
  7 worker ants
  3 hound zombies
  A worker ant zombie (D:8)
  14 gnolls
  3 howler monkey skeletons
  11 adders
  A shadow imp (D:10)
  A white imp (D:9)
  2 adder zombies (D:6)
  2 oozes
  5 worms
  2 adder skeletons
  A dart slug (D:1)
  7 leopard geckos
  37 orcs
  8 bats
  7 giant cockroaches
  23 goblins
  14 hobgoblins
  5 jackals
  14 kobolds
  9 quokkas
  2 ball pythons
  A giant cockroach zombie (D:5)
  A jackal zombie (D:4)
  2 leopard gecko skeletons
  A leopard gecko zombie (D:6)
  10 rats
359 creatures vanquished.

Vanquished Creatures (collateral kills)
  A bullfrog (D:7)
1 creature vanquished.

Vanquished Creatures (others)
  A centaur zombie (D:12)
  A sky beast (D:12)
  A human (D:10)
  A killer bee (D:12)
  An orc (Bailey)
  5 plants
10 creatures vanquished.

Grand Total: 370 creatures vanquished

Notes
Turn   | Place    | Note
-------+----------+-------------------------------------------
     0 | D:1      | KristoblXynda the Draconian Gladiator began the quest for
                  | the Orb.
     0 | D:1      | Reached XP level 1. HP: 17/17 MP: 1/1
   155 | D:1      | Reached XP level 2. HP: 19/25 MP: 2/2
  1126 | D:2      | Reached XP level 3. HP: 24/30 MP: 3/3
  1627 | D:2      | Reached skill level 4 in Long Blades
  1627 | D:2      | Reached XP level 4. HP: 33/38 MP: 4/4
  1633 | D:2      | Noticed Sigmund
  1722 | D:2      | Killed Sigmund
  1722 | D:2      | Reached XP level 5. HP: 46/46 MP: 5/5
  1929 | D:2      | Reached skill level 5 in Long Blades
  2247 | D:2      | Found a faded altar of an unknown god.
  2575 | D:3      | Reached XP level 6. HP: 52/52 MP: 6/6
  2802 | D:3      | Found a hazy altar of Hepliaklqana.
  3485 | D:4      | Found a staircase to the Ecumenical Temple.
  3500 | D:4      | Noticed Ijyb
  3528 | D:4      | Killed Ijyb
  3558 | Temple   | Entered the Ecumenical Temple
  3564 | Temple   | Became a worshipper of Gozag Ym Sagoz the Greedy
  3891 | D:4      | Your scales start taking on a dull iron-grey colour.
  3891 | D:4      | Reached XP level 7. HP: 54/60 MP: 7/7
  3891 | D:4      | Gained mutation: You can survive without breathing. [Grey
                  | Draconian growth]
  4138 | D:4      | Noticed Blork the orc
  4151 | D:4      | Killed Blork the orc
  4151 | D:4      | Reached skill level 6 in Long Blades
  4455 | D:5      | Entered Level 5 of the Dungeon
  4555 | D:5      | Reached skill level 5 in Fighting
  4821 | D:5      | Reached skill level 7 in Long Blades
  4834 | D:5      | Reached skill level 5 in Dodging
  4834 | D:5      | Reached XP level 8. HP: 55/69 MP: 8/8
  4875 | D:5      | Found a blossoming altar of Fedhas.
  4880 | D:5      | Learned a level 3 spell: Mephitic Cloud
  5220 | D:5      | Found a burning altar of Makhleb.
  5456 | D:6      | Noticed Dowan
  5457 | D:6      | Noticed Duvessa
  5480 | D:6      | Killed Dowan
  5485 | D:6      | Killed Duvessa
  5529 | D:6      | Reached skill level 8 in Long Blades
  6081 | D:6      | Reached skill level 1 in Evocations
  6099 | D:6      | Reached XP level 9. HP: 17/78 MP: 8/10
  6657 | D:6      | Reached skill level 1 in Spellcasting
  6948 | D:7      | Reached skill level 9 in Long Blades
  7389 | D:7      | Found a runed translucent door.
  7390 | D:7      | Noticed Crazy Yiuf
  7639 | D:7      | Killed Crazy Yiuf
  8677 | D:9      | Found a glowing silver altar of Zin.
  8677 | D:9      | Found a stormy altar of Qazlal.
  8679 | D:9      | Found a hide-covered altar of Uskayaw.
  8679 | D:9      | Found a sacrificial altar of Ru.
  8679 | D:9      | Found a blossoming altar of Fedhas.
  8680 | D:9      | Found a shadowy altar of Dithmenos.
  8687 | D:9      | Noticed Harold
  8875 | D:9      | Found a sparkling altar of Nemelex Xobeh.
  8893 | D:9      | Banished Harold
  8967 | D:9      | Reached XP level 10. HP: 88/88 MP: 15/15
  9085 | D:9      | Noticed Erica
  9091 | D:9      | Killed Erica
  9405 | D:10     | Entered Level 10 of the Dungeon
  9440 | D:10     | Reached skill level 10 in Long Blades
  9514 | D:10     | Found a flagged portal.
  9520 | Bailey   | Entered a bailey
 10093 | Bailey   | Found an iron altar of Okawaru.
 10146 | Bailey   | Noticed an orc knight
 10212 | Bailey   | Killed an orc knight
 10212 | Bailey   | Reached skill level 5 in Spellcasting
 10379 | Bailey   | Got a warped long sword
 10396 | Bailey   | Identified the +4 long sword of Diosew {antimagic, Dex+6
                  | Stlth-} (You found it in a bailey)
 11184 | Bailey   | Noticed an orc knight
 11213 | Bailey   | Killed an orc knight
 11850 | Bailey   | Reached skill level 5 in Conjurations
 12247 | D:10     | Reached XP level 11. HP: 93/94 MP: 20/20
 12273 | D:10     | Found an ancient bone altar of Kikubaaqudgha.
 12570 | D:10     | Reached skill level 11 in Long Blades
 13048 | D:11     | Found a staircase to the Lair.
 13076 | D:11     | Noticed a fire dragon
 13124 | D:11     | Found a glowing golden altar of the Shining One.
 13366 | D:11     | Found Tejolluado's Book Shoppe.
 13388 | D:11     | Found Xutaaroh's Mass Market.
 13692 | D:11     | Killed a fire dragon
 14277 | D:11     | Killed an unseen horror
 14798 | D:11     | Noticed a sun demon
 14801 | D:11     | Killed an unseen horror
 14822 | D:11     | Reached XP level 12. HP: 45/101 MP: 23/23
 15132 | D:11     | Identified the Guide on the Burning Oath
 15299 | D:12     | Found a shimmering altar of Xom.
 15311 | D:12     | Noticed Azrael
 15481 | D:12     | Reached skill level 12 in Long Blades
 16132 | D:12     | Killed from afar by Azrael

Levels and vault maps discovered:
D:1:      dpeg_chamrin_arrival_tetris, layout_basic, minmay_hexomino_p4
D:2:      cheibrodos_old_hovel, layout_basic, chequers_ecumenical_altar_lobes,
          first_ration, uniq_sigmund
D:3:      layout_loops_ring, lemuel_coloured_pillars_altar
D:4:      layout_loops_cross, minmay_temple_entry_drinking_statues,
          uniq_blork_the_orc, uniq_ijyb
D:5:      layout_cave_pods, bloody_makhleb, fedhas_bush_and_centaur_altar
D:6:      layout_basic, serial_undead, serial_undead_b, serial_undead_d,
          serial_undead_c, serial_undead_b, uniq_duvessa
D:7:      layout_layer_cave, uniq_crazy_yiuf_cottage
D:8:      layout_rooms
D:9:      layout_rooms, overflow_temple_1_default, grunt_temple_overflow_open,
          minmay_fire_ice_demons, uniq_erica, uniq_harold
D:10:     layout_loops_ring, enter_bailey_3, grunt_ogre_cave, tgw_kikubaaqudgha
D:11:     regret_index_wax_grids, layout_irregular_city, minmay_lair_entry_lava,
          basic_altar, serial_shops, shop, minmay_shop_mass
D:12:     layout_long_grid, david_orc_1_choice, basic_altar,
          serial_bayou_ford_a, minmay_unpleasant_kobolds, uniq_azrael,
          uniq_nergalle
Temple:   dshaligram_water_room_temple

Skill      XL: |  1  2  3  4  5  6  7  8  9 10 11 12 |
---------------+-------------------------------------+-----
Throwing       | 2 |  2.0
Dodging        | 3 4 5 6 7 |  7.4
Fighting       | 3 4 5 6 8 |  8.1
Long Blades    | 4 5 7 8 9 10 11 12 | 12.0
Evocations     | 1 4 |  4.3
Spellcasting   | 3 6 7 8 |  8.0
Conjurations   | 5 7 |  7.7

Action                   |  1- 3 |  4- 6 |  7- 9 | 10-12 || total
-------------------------+-------+-------+-------+-------++-------
Melee: Long sword        |    90 |   151 |   512 |    16 ||   769
       Tailslap          |     9 |    22 |    77 |    96 ||   204
       Unarmed           |       |     3 |       |       ||     3
       Scimitar          |       |       |       |   658 ||   658
Throw: Throwing net      |       |     2 |       |     1 ||     3
Invok: Potion Petition   |       |       |     1 |     3 ||     4
Evoke: Wand              |       |       |     7 |     1 ||     8
  Use: Scroll            |       |     7 |    16 |     9 ||    32
       Potion            |       |       |     2 |    10 ||    12
 Stab: Sleeping          |     1 |       |     2 |       ||     3
       Held in net/web   |       |     2 |       |       ||     2
       Distracted        |       |       |     2 |     4 ||     6
       Invisible         |       |       |       |     7 ||     7
  Eat: Chunk             |     2 |     7 |       |       ||     9
       Ration            |       |       |     6 |     8 ||    14
Armor: Skin              |    29 |    53 |   192 |   240 ||   514
Dodge: Dodged            |    70 |   118 |   361 |   410 ||   959
       Rpst.: Long sword |    18 |    39 |   103 |     4 ||   164
       Scimitar          |       |       |       |   106 ||   106

Table legend:
 A = Non-vault XP
 B = Vault XP
 C = Vault XP percentage of total XP
 D = Non-vault monster count
 E = Vault monster count
 F = Vault count percentage of total count
                 A         B        C        D         E       F
            +---------+---------+-------+---------+---------+-------
      Total |   11197 |   12995 |  53.7 |     239 |     123 |  34.0
            +---------+---------+-------+---------+---------+-------
        D:1 |      33 |       5 |  13.2 |      19 |       3 |  13.6
        D:2 |     112 |     222 |  66.5 |      24 |       2 |   7.7
        D:3 |      46 |       0 |   0.0 |      21 |       0 |   0.0
        D:4 |     315 |     130 |  29.2 |      18 |       2 |  10.0
        D:5 |     706 |     119 |  14.4 |      27 |       1 |   3.6
        D:6 |    1173 |     358 |  23.4 |      26 |       9 |  25.7
        D:7 |    1045 |      39 |   3.6 |      30 |       1 |   3.2
        D:8 |     548 |       0 |   0.0 |      14 |       0 |   0.0
        D:9 |     623 |    1490 |  70.5 |       8 |       4 |  33.3
       D:10 |    3550 |     126 |   3.4 |      32 |       5 |  13.5
       D:11 |    1742 |    6784 |  79.6 |      10 |      46 |  82.1
       D:12 |    1304 |     403 |  23.6 |      10 |       7 |  41.2
     Bailey |       0 |    3319 | 100.0 |       0 |      43 | 100.0
            +---------+---------+-------+---------+---------+-------
